 Dungeon Crawl Stone Soup version 0.27-a0-592-g0306a34022 (webtiles) character file.

Game seed: 13769882139048305609

396 Egg the Changer (level 6, -10/41 (42) HPs)
             Began as an Octopode Transmuter on Mar 10, 2021.
             Was a Believer of the Shining One.
             Mangled by a wight
             ... wielding a +2 spear
              (12 damage)
             ... on level 4 of the Dungeon.
             The game lasted 00:12:55 (3853 turns).

Egg the Changer (Octopode Transmuter)               Turns: 3853, Time: 00:13:00

HP:   -10/41 (42)   AC:  1    Str: 12    XL:     6   Next: 82%
MP:   9/10          EV: 13    Int: 27    God:    the Shining One [**....]
Gold: 313           SH:  0    Dex: 12    Spells: 8/11 levels left

rFire    . . .     SeeInvis .   m - +1 dagger (freeze)
rCold    . . .     Faith    .   (no shield)
rNeg     + . .     Spirit   .   (helmet currently unavailable)
rPois    .         Reflect  .   (no amulet)
rElec    .         Harm     .   f - +6 ring of intelligence
rCorr    .         Rampage  .   i - +6 ring of intelligence
Will     .....                  (no ring)
Stlth    +.........             (no ring)
HPRegen  0.13/turn              (no ring)
MPRegen  0.12/turn              (no ring)
                                (no ring)
                                (no ring)

@: appendages, wereblooded, glowing, lightly drained
A: almost no armour, amphibious, 8 rings, tentacle spike 3, camouflage 1,
gelatinous body 1, nimble swimmer 1, tentacles
a: End Transformation, Renounce Religion, Divine Shield


You were on level 4 of the Dungeon.
You worshipped the Shining One.
The Shining One was pleased with you.
One of your tentacles had a temporary spike.
You visited 2 branches of the dungeon, and saw 5 of its levels.
You also visited: Ossuary.

You collected 313 gold pieces.

Inventory:

Hand Weapons
 m - a +1 dagger of freezing (weapon)
Jewellery
 e - a ring of fire
 f - a +6 ring of intelligence (left tentacle)
 i - a +6 ring of intelligence (right tentacle)
 q - a ring of fire
Scrolls
 b - a scroll of magic mapping
 g - a scroll of teleportation
 j - 4 scrolls of enchant weapon {unknown}
 o - a scroll of noise {unknown}
 s - 2 scrolls of fog {unknown}
Potions
 c - 2 potions of invisibility
 d - a potion of flight {unknown}
 h - a potion of brilliance {unknown}
 k - a potion of resistance {unknown}
 l - a potion of cancellation {unknown}
 n - 4 potions of attraction {unknown}
 p - a potion of heal wounds {unknown}
 r - 2 potions of haste {unknown}
 v - a potion of might {unknown}


   Skills:
 - Level 3.0 Fighting
 - Level 2.0 Dodging
 - Level 3.0 Unarmed Combat
 - Level 3.0 Spellcasting
 * Level 5.9 Transmutations


You had 8 spell levels left.
You knew the following spells:

 Your Spells              Type           Power      Damage    Failure   Level
a - Beastly Appendage     Tmut           70%        N/A       1%          1
b - Wereblood             Tmut           35%        N/A       1%          2

Your spell library contained the following spells:

 Spells                   Type           Power      Damage    Failure   Level
 Spider Form              Tmut/Pois      9%         N/A       8%          3
 Blade Hands              Tmut           17%        N/A       22%         5
 Ice Form                 Ice/Tmut       19%        N/A       26%         4


Dungeon Overview and Level Annotations

Branches:
Dungeon (4/15)             Temple (1/1) D:4         Ossuary (visited)

Altars:
Ashenzari
Cheibriados
Elyvilon
Fedhas
Gozag
Hepliaklqana
Kikubaaqudgha
Okawaru
Qazlal
Ru
Sif Muna
Uskayaw
Vehumet
Wu Jian
Xom
The Shining One

Annotations:
D:4 Dowan, Duvessa


Innate Abilities, Weirdness & Mutations

You cannot wear most types of armour.
You are amphibious.
You can wear up to eight rings at the same time.
Your skin changes colour to match your surroundings (Stealth+).
Your rubbery body absorbs attacks. (AC +1, EV +1)
You are stealthy while swimming. (Stealth+)
You have tentacles for arms and can constrict up to eight enemies at once.
One of your tentacles bears a large vicious spike.


Message History

You constrict the wight, but do no damage.
The wight hits you from afar with a +2 spear.
* * * LOW HITPOINT WARNING * * *
The wight escapes!
Okay, then.
The wight hits you with a +3 flail.
* * * LOW HITPOINT WARNING * * *
The wight hits you but does no damage.
You hit the wight but do no damage. You grab the wight. You squeeze the wight.
You destroy the wight!
The Shining One accepts your kill. The wight misses you.
Your life force feels restored.
You feel better. The wight misses you. The wight hits you with a +2 spear.
* * * LOW HITPOINT WARNING * * *
You feel drained.
Okay, then.
You hit the wight. You grab the wight.
The wight is lightly damaged.
You howl as the wereblood boils in your veins!
You constrict the wight, but do no damage.
A wight comes into view. It is wielding a +2 hand axe.
The wight misses you.
You hit the wight but do no damage.
You pierce the wight.
The wight is moderately damaged.
You constrict the wight, but do no damage.
The wight hits you but does no damage.
You hit the wight but do no damage.
The wight is moderately damaged.
You constrict the wight, but do no damage.
The wight hits you with a +2 spear!
* * * LOW HITPOINT WARNING * * *
You hit the wight but do no damage.
The wight is moderately damaged.
You constrict the wight.
A worker ant comes into view.
You can now call upon the Shining One for a divine shield.
The wight hits you with a +2 spear!
You die...

*,,,,,,,,,,*+**#.##.####.
*,,,,..,,,,*,* *.........
*,,,,..,,,,#.#####.##..##
*,,,,..,,,,#.............
**,*##.*******##......###
*,,,,..,,,,,* #...###.# #
*****#.###### #.⌠.# #.# #
#####B#)...###...###.# #
#...z.z@.##..........# #
#.###.####..⌠..>..⌠..# #
*,* #................# #
*,* ######.###...###.###
*,########.# #.⌠.# #...'
*,.........# #...#*#####
**########## ##.##,* #
#.#*,* #..,,*


You could see a worker ant and 2 wights.

Vanquished Creatures
  A scorpion (D:2)
  A wight (D:4)
  A howler monkey (D:4)
  A bullfrog skeleton (D:4)
  A worker ant (D:4)
  8 mummies (Ossuary)
  3 adders (D:2)
  5 oozes
  An adder skeleton (D:4)
  A worm (D:2)
  3 leopard geckos
  An orc (D:3)
  3 giant cockroaches
  3 goblins
  4 hobgoblins
  5 kobolds
  4 quokkas
  A ball python (D:2)
  5 bats
  5 frilled lizards
  A gnoll zombie (Ossuary)
  3 hobgoblin zombies (Ossuary)
  2 kobold zombies (Ossuary)
  2 orc zombies (Ossuary)
  7 rats
72 creatures vanquished.

Vanquished Creatures (others)
  4 toadstools (D:1)
4 creatures vanquished.

Grand Total: 76 creatures vanquished

Notes
Turn   | Place    | Note
-------+----------+-------------------------------------------
     0 | D:1      | Egg the Octopode Transmuter began the quest for the Orb.
     0 | D:1      | Reached XP level 1. HP: 13/13 MP: 3/3
   245 | D:1      | Reached XP level 2. HP: 14/18 MP: 3/5
   554 | D:1      | Learned a level 2 spell: Wereblood
  1104 | D:2      | Reached XP level 3. HP: 24/24 MP: 7/7
  1406 | D:2      | Noticed a scorpion
  1406 | D:2      | You fall into a shaft and drop 1 floor!
  1741 | D:2      | Reached XP level 4. HP: 30/30 MP: 8/8
  1767 | D:2      | Reached skill level 3 in Transmutations
  1767 | D:2      | Reached XP level 5. HP: 28/36 MP: 9/9
  2195 | D:2      | Found an opulent altar of Gozag.
  2871 | D:4      | Noticed Duvessa
  2871 | D:4      | Noticed Dowan
  2892 | D:4      | Reached skill level 4 in Transmutations
  2955 | D:4      | Reached XP level 6. HP: 12/42 MP: 10/10
  2993 | D:4      | Found a staircase to the Ecumenical Temple.
  3000 | Temple   | Entered the Ecumenical Temple
  3359 | Temple   | Became a worshipper of the Shining One
  3402 | D:4      | Found a sand-covered staircase.
  3407 | Ossuary  | Entered an ossuary
  3431 | Ossuary  | Reached * piety under the Shining One
  3432 | Ossuary  | Reached skill level 5 in Transmutations
  3433 | Ossuary  | The Shining One protects you from harm!
  3852 | D:4      | HP: 2/41 [wight/+2 spear (7)]
  3853 | D:4      | Reached ** piety under the Shining One
  3853 | D:4      | Mangled by a wight

Illustrated notes

Levels and vault maps discovered:
D:1:      ldierk_water_garden, layout_loops_cross
D:2:      cheibrodos_helix_gallery, layout_loops_ring, grunt_gozag_statues
D:3:      layout_basic
D:4:      layout_basic, gammafunk_temple_overflow_elements,
          minmay_temple_entry_junction, enter_ossuary_2, serial_shops, shop,
          minmay_cupped, uniq_duvessa
Temple:   eino_temple_rhombus

Skill      XL: |  1  2  3  4  5  6 |
---------------+-------------------+-----
Fighting       | 2 3 |  3.0
Spellcasting   | 3 |  3.0
Transmutations | 3 4 5 |  5.9
Dodging        | |  2.0
Unarmed Combat | |  3.0

Action                   |  1- 3 |  4- 6 || total
-------------------------+-------+-------++-------
Melee: Unarmed           |    73 |       ||    73
       Constrict         |    19 |    28 ||    47
       Tentacles         |    15 |    18 ||    33
       Kick              |    11 |    11 ||    22
       Punch             |     2 |       ||     2
       Dagger            |    10 |   104 ||   114
 Cast: Beastly Appendage |     9 |     7 ||    16
       Wereblood         |     2 |     4 ||     6
  Use: Scroll            |       |     6 ||     6
       Potion            |       |     4 ||     4
 Stab: Sleeping          |     4 |     5 ||     9
Armor: Skin              |     9 |     2 ||    11
Dodge: Dodged            |    57 |    60 ||   117

Table legend: (Time is in decaauts)
 A = Elapsed time spent in this place.
 B = Non-inter-level travel time spent in this place.
 C = Inter-level travel time spent in this place.
 D = Time resting spent in this place.
 E = Time spent auto-exploring this place.
 F = Levels seen in this place.
 G = Mean time per level.
                   A        B        C        D        E       F      G
               +--------+--------+--------+--------+--------+-----+--------+
         Total |   3848 |   3717 |    131 |      0 |   2889 |   6 |  641.3 |
       Dungeon |   3141 |   3058 |     83 |      0 |   2398 |   4 |  785.2 |
        Temple |    377 |    329 |     48 |      0 |    313 |   1 |  377.0 |
       Ossuary |    328 |    328 |      0 |      0 |    178 |   1 |  328.0 |
               +--------+--------+--------+--------+--------+-----+--------+

Top non-repeatable levels by time:
     D:2: 1100 daAuts
     D:1: 1096 daAuts
     D:3: 637 daAuts
  Temple: 377 daAuts
 Ossuary: 328 daAuts
     D:4: 306 daAuts
